 Dungeon Crawl Stone Soup version 0.26-a0-660-gc07710193c (webtiles) character file.

Game seed: 9300195099490978723

6323 ringo67 the Martial Artist (level 10, -1/72 HPs)
             Began as an Octopode Transmuter on Oct 5, 2020.
             Was an Elder of Fedhas.
             Killed by the air
             ... invoked by Gastronok
              (26 damage)
             ... on level 9 of the Dungeon.
             The game lasted 00:23:15 (14074 turns).

ringo67 the Martial Artist (Octopode Transmuter)   Turns: 14074, Time: 00:23:15

Health: -1/72      AC:  2    Str: 12    XL:     10   Next: 95%
Magic:  20/22      EV: 38    Int: 17    God:    Fedhas [****..]
Gold:   511        SH:  0    Dex: 17    Spells: 5/13 levels left

rFire    + . .     SeeInvis .     - Unarmed
rCold    . . .     Faith    .   (shield currently unavailable)
rNeg     + . .     Spirit   .   (helmet currently unavailable)
rPois    x         Reflect  .   t - amulet of the acrobat
rElec    .         Harm     .   s - ring of magical power
rCorr    .         Rampage  .   j - ring of positive energy
MR       +....                  A - ring of protection from magic
Stlth    ++........             F - ring of protection from fire
HPRegen  0.22/turn              D - +4 ring of evasion (curse)
MPRegen  0.18/turn              (no ring)
                                (no ring)
                                (no ring)

@: spider-form, acrobat
A: tiny, almost no armour, stealthy swim, (amphibious), 8 rings, (constrict 8)
a: End Transformation, Wall of Briars, Grow Ballistomycete, Overgrow, Renounce
Religion


You were on level 9 of the Dungeon.
You worshipped Fedhas.
Fedhas was greatly pleased with you.
You were a venomous arachnid creature.
You visited 1 branch of the dungeon, and saw 10 of its levels.

You collected 511 gold pieces.

Inventory:

Missiles
 m - 36 poisoned darts (quivered)
Jewellery
 j - a ring of positive energy (right front leg)
 s - a ring of magical power (left front leg)
 t - an amulet of the acrobat (around neck)
 A - a ring of protection from magic (on tentacle)
 D - a cursed +4 ring of evasion (on tentacle)
 F - a ring of protection from fire (on tentacle)
Wands
 k - a wand of digging (6)
 E - a wand of flame (14)
 G - a wand of iceblast (14)
Scrolls
 b - 2 scrolls of enchant weapon
 g - 3 scrolls of teleportation
 h - 2 scrolls of amnesia
 i - 2 scrolls of remove curse
 r - a scroll of blinking
 u - 2 scrolls of fog
Potions
 d - 4 potions of curing
 e - a potion of might
 f - 2 potions of resistance
 p - 2 potions of flight {unknown}
 v - a potion of berserk rage {unknown}
 w - 4 potions of lignification
 x - a potion of ambrosia {unknown}
 z - a potion of stabbing {unknown}
 C - 3 potions of cancellation
Miscellaneous
 a - a condenser vane (2/2)


   Skills:
 + Level 8.0 Fighting
 - Level 2.0 Dodging
 + Level 11.1 Unarmed Combat
 - Level 2.0 Spellcasting
 + Level 8.2 Transmutations
 - Level 3.5 Ice Magic
 + Level 2.4 Invocations


You had 5 spell levels left.
You knew the following spells:

 Your Spells              Type           Power        Failure   Level
a - Beastly Appendage     Tmut           ####..       4%          1
b - Spider Form           Tmut/Pois      ###.......   26%         3
c - Ice Form              Ice/Tmut       ###.....     36%         4

Your spell library contained the following spells:

 Spells                   Type           Power        Failure   Level
 Wereblood                Tmut           ####....     5%          2
 Blade Hands              Tmut           ####......   38%         5
 Petrify                  Tmut/Erth      ###.....     56%         4
 Confusing Touch          Hex            #.......     71%         3
 Gell's Gravitas          Tloc           #.........   71%         3
 Yara's Violent Unravell  Hex/Tmut       ###.......   86%         5
 Metabolic Englaciation   Hex/Ice        #.........   99%         5


Dungeon Overview and Level Annotations

Branches:
Dungeon (10/15)            Temple (0/1) D:6
   Lair: D:8-11         Orc: D:9-12

Altars:
Ashenzari
Fedhas
Gozag
Hepliaklqana
Qazlal
Sif Muna
Vehumet
Wu Jian

Shops:
D:6 }   D:8 (

Annotations:
D:2 exclusion: centaur
D:9 Gastronok


Innate Abilities, Weirdness & Mutations

You cannot wear most types of armour.
You are very stealthy in the water. (Stealth+)
((You are amphibious.))
You can wear up to eight rings at the same time.
((You can use your tentacles to constrict eight enemies at once.))
((Your skin changes colour to match your surroundings (Stealth+).))
((Your rubbery body absorbs attacks. (AC +1, EV +1)))


Message History

Found a wand of flame (10).
Your transformation is almost over.
Your transformation has ended.
Casting: Spider Form (dangerous; 11% risk of failure)
Confirm with . or Enter, or press ? or * to list all spells.
You turn into a venomous arachnid creature.
You hit Gastronok.
Gastronok looks as sick as possible!
Gastronok is heavily wounded.
Gastronok bites you!!
* * * LOW HITPOINT WARNING * * *
Unknown command.
You feel much better.
Gastronok mumbles some strange words.
The bat misses you. The bat completely misses you. The bat misses you.
Gastronok waves his eye-stalks in wide circles.
The air twists around and strikes you!!
You die...
Fedhas appreciates your contribution to the ecosystem.

#....................>........#
#.........................##.)#
###..........#...............#...
......_......##.................#
..#........†)...................#
..##...............>............#
..##....#......b................#
.##.....#..............#........#
#... ##.........s..../#..........
.# #.(..w#####.#..##.......... #
##...........##.##..........
#..#....######### .......#...##
#.....).).......###...##.#...##
##.....)).#####.......##..#....
#................###..##..#....
'.#.#.#...........###)..#.#....
###.###...........#...###.#....


You could see Gastronok (extremely poisoned) and a bat (summoned).

Vanquished Creatures
  Erica (D:9)
  A two-headed ogre (D:8)
  Pikel (D:8)
  Joseph (D:8)
  Maurice (D:9)
  3 yaks
  A water moccasin (D:7)
  An orc warrior (D:10)
  3 sky beasts
  2 phantoms
  An ice beast (D:9)
  4 ogres
  4 centaurs
  2 lemures (D:8)
  5 bullfrogs
  A wyvern zombie (D:8)
  3 scorpions
  A wyvern skeleton (D:8)
  4 killer bees (D:9)
  4 howler monkeys
  4 wights (D:9)
  A bullfrog zombie (D:7)
  3 hounds
  A jelly (D:8)
  6 orc priests
  2 bullfrog skeletons
  2 centaur skeletons
  7 orc wizards
  2 iguanas
  Terence (D:3)
  4 worker ants
  A howler monkey zombie (D:5)
  9 adders
  A howler monkey skeleton (D:9)
  4 shadow imps
  3 white imps
  An ufetubus (D:7)
  An adder zombie (D:8)
  An adder skeleton (D:8)
  A worm (D:2)
  A dart slug (D:1)
  A leopard gecko (D:3)
  45 orcs
  A ball python (D:1)
  4 bats
  5 giant cockroaches
  4 goblins
  11 hobgoblins
  9 jackals
  10 kobolds
  3 quokkas
  6 frilled lizards
  A jackal zombie (D:7)
  A leopard gecko zombie (D:6)
  6 rats
207 creatures vanquished.

Notes
Turn   | Place    | Note
-------+----------+-------------------------------------------
     0 | D:1      | ringo67 the Octopode Transmuter began the quest for the
                  | Orb.
     0 | D:1      | Reached XP level 1. HP: 13/13 MP: 3/3
   126 | D:1      | Reached XP level 2. HP: 12/18 MP: 5/5
   722 | D:1      | Reached XP level 3. HP: 15/23 MP: 4/6
  1242 | D:2      | Found an opulent altar of Gozag.
  1242 | D:2      | Found a shimmering blue altar of Sif Muna.
  1286 | D:2      | Found a blossoming altar of Fedhas.
  1322 | D:2      | Became a worshipper of Fedhas Madash
  1887 | D:2      | Reached skill level 4 in Unarmed Combat
  1887 | D:2      | Reached XP level 4. HP: 14/29 MP: 5/7
  2335 | D:2      | Noticed a centaur
  2889 | D:3      | Noticed Terence
  2908 | D:3      | Killed Terence
  2908 | D:3      | Reached XP level 5. HP: 17/35 MP: 6/8
  4198 | D:3      | Reached * piety under Fedhas
  4559 | D:4      | Reached skill level 5 in Unarmed Combat
  4559 | D:4      | Reached XP level 6. HP: 12/41 MP: 9/9
  4779 | D:4      | Learned a level 3 spell: Spider Form
  4784 | D:4      | Learned a level 4 spell: Ice Form
  5258 | D:4      | Noticed a phantom
  5280 | D:4      | Killed a phantom
  5280 | D:4      | Reached XP level 7. HP: 28/46 MP: 7/10
  5549 | D:4      | Reached skill level 6 in Unarmed Combat
  5696 | D:4      | Found a broken altar of Ashenzari.
  6165 | D:4      | Reached ** piety under Fedhas
  6638 | D:5      | Entered Level 5 of the Dungeon
  7120 | D:5      | Found an ornate altar of the Wu Jian Council.
  7151 | D:5      | Reached XP level 8. HP: 54/54 MP: 1/11
  7329 | D:5      | Found a stormy altar of Qazlal.
  7330 | D:5      | Found a hazy altar of Hepliaklqana.
  7735 | D:6      | Reached skill level 7 in Unarmed Combat
  7735 | D:6      | Reached skill level 1 in Ice Magic
  8122 | D:6      | Reached skill level 5 in Transmutations
  8682 | D:6      | Found Baaqil's Gadget Emporium.
  8922 | D:6      | Reached skill level 5 in Fighting
  9037 | D:6      | Found a staircase to the Ecumenical Temple.
  9219 | D:6      | Found a radiant altar of Vehumet.
  9703 | D:7      | Reached skill level 8 in Unarmed Combat
  9826 | D:7      | Reached XP level 9. HP: 54/61 MP: 12/12
  9880 | D:7      | Reached *** piety under Fedhas
 10277 | D:8      | Noticed Joseph
 10298 | D:8      | Killed Joseph
 11166 | D:8      | Noticed a two-headed ogre
 11193 | D:8      | Killed a two-headed ogre
 11193 | D:8      | Reached skill level 9 in Unarmed Combat
 11564 | D:8      | Noticed Pikel
 11579 | D:8      | Killed Pikel
 11579 | D:8      | Reached skill level 10 in Unarmed Combat
 11579 | D:8      | Reached XP level 10. HP: 43/69 MP: 13/13
 12051 | D:8      | Found Rixotaid's Weapon Boutique.
 12061 | D:8      | You fall into a shaft and drop 2 floors!
 12061 | D:10     | Entered Level 10 of the Dungeon
 12733 | D:9      | Reached **** piety under Fedhas
 12929 | D:9      | Noticed Maurice
 12934 | D:9      | Killed Maurice
 13555 | D:9      | Noticed Erica
 13758 | D:9      | Killed Erica
 13758 | D:9      | Reached skill level 11 in Unarmed Combat
 13758 | D:9      | Reached skill level 1 in Invocations
 13873 | D:9      | Found an ornate altar of the Wu Jian Council.
 14006 | D:9      | Noticed Gastronok
 14074 | D:9      | Killed from afar by Gastronok

Illustrated notes

Levels and vault maps discovered:
D:1:      tarquinn_simple_flora_water_a, layout_basic, minivault_24,
          serial_park_tiny_pond
D:2:      layout_basic, fedhas_ov_isle_minmay,
          chequers_temple_overflow_statue_of_worship
D:3:      layout_basic, minmay_circle_x, uniq_terence
D:4:      layout_basic, evilmike_ruin_ashenzari, minmay_cupped
D:5:      layout_loops_corners, gammafunk_temple_overflow_statue,
          lemuel_crystal_altar
D:6:      layout_basic, vehumet_crystals, minmay_temple_entry_mini_moons,
          serial_shops, shop, minmay_misc_feat_square
D:7:      layout_loops_ring
D:8:      layout_loops_cross, serial_shops, shop, uniq_joseph, uniq_pikel
D:9:      layout_cave_pools, amethyst_overflow_temple_binary, basic_altar,
          serial_co_window_serial, co_window_paths_a, co_window_corner_a,
          co_window_of_opportunity_a, co_window_paths_a, co_window_cross_1,
          co_window_cross_3, co_window_broadway_a, co_window_corner_b,
          co_window_4corner_a, co_window_paths_e, glass_columns_a,
          glass_columns_c, glass_columns_c, uniq_erica, uniq_gastronok,
          uniq_maurice
D:10:     layout_roguey, due_lair_maze_entry_diamond, orc_0_dummy, serial_shops,
          nicolae_shop_window_shopping, shop, shop_fountains,
          wad_floor_pattern_2, fungi_pond_lemuel, uniq_harold

Skill      XL: |  1  2  3  4  5  6  7  8  9 10 |
---------------+-------------------------------+-----
Fighting       | 2 3 4 5 6 8 |  8.0
Unarmed Combat | 4 5 6 8 10 11 | 11.1
Transmutations | 3 4 5 7 8 |  8.2
Ice Magic      | 3 |  3.5
Invocations    | 2 |  2.4
Dodging        | |  2.0
Spellcasting   | |  2.0

Action                   |  1- 3 |  4- 6 |  7- 9 | 10-12 || total
-------------------------+-------+-------+-------+-------++-------
Melee: Unarmed           |    77 |   135 |   264 |   130 ||   606
       Constrict         |    24 |    32 |    37 |    11 ||   104
       Tentacles         |     6 |    20 |    27 |    10 ||    63
       Punch             |     1 |     1 |     8 |     3 ||    13
       Kick              |     3 |    27 |     3 |       ||    33
Throw: Dart              |       |     6 |    61 |     7 ||    74
 Cast: Beastly Appendage |     4 |    14 |     2 |       ||    20
       Spider Form       |       |     2 |    18 |     8 ||    28
       Ice Form          |       |       |       |     5 ||     5
  Use: Scroll            |       |     3 |    16 |       ||    19
       Potion            |       |     1 |     1 |     1 ||     3
 Stab: Sleeping          |     5 |     4 |     7 |     2 ||    18
       Distracted        |       |       |     1 |     1 ||     2
Armor: Skin              |     6 |     2 |     3 |     7 ||    18
Dodge: Dodged            |    43 |    91 |   194 |    88 ||   416

Table legend: (Time is in decaauts)
 A = Elapsed time spent in this place.
 B = Non-inter-level travel time spent in this place.
 C = Inter-level travel time spent in this place.
 D = Time resting spent in this place.
 E = Time spent auto-exploring this place.
 F = Levels seen in this place.
 G = Mean time per level.
                   A        B        C        D        E       F      G
               +--------+--------+--------+--------+--------+-----+--------+
         Total |  13997 |  13705 |    292 |   5115 |   6446 |  10 | 1399.7 |
       Dungeon |  13997 |  13705 |    292 |   5115 |   6446 |  10 | 1399.7 |
               +--------+--------+--------+--------+--------+-----+--------+

Top non-repeatable levels by time:
     D:2: 2430 daAuts
     D:4: 1866 daAuts
     D:8: 1740 daAuts
     D:6: 1616 daAuts
     D:3: 1373 daAuts
     D:9: 1201 daAuts
     D:7: 1149 daAuts
     D:5: 1054 daAuts
     D:1: 947 daAuts
    D:10: 616 daAuts
